 Dungeon Crawl Stone Soup version 0.20.1-1-g8b1a95d (webtiles) character file.

95 equalderp2856 the Scratcher (level 4, -2/21 HPs)
             Began as a Felid Fighter on Sept 26, 2017.
             Slain by Grinder (6 damage)
             ... on level 4 of the Dungeon.
             The game lasted 00:04:18 (3587 turns).

equalderp2856 the Scratcher (Felid Fighter)         Turns: 3587, Time: 00:04:19

Health: -2/21      AC:  1    Str: 12    XL:     4   Next: 40%
Magic:  5/5        EV: 20    Int: 11    God:
Gold:   271        SH:  0    Dex: 15    Spells: 3/3 levels left
                                        Lives:  0   Deaths: 1

rFire    . . .     SeeInvis +     - Unarmed
rCold    . . .     Gourm    .   (shield unavailable)
rNeg     . . .     Faith    .   (armour unavailable)
rPois    .         Spirit   .   (helmet unavailable)
rElec    .         Reflect  .   (cloak unavailable)
rCorr    .         Harm     .   (gloves unavailable)
MR       .....                  (boots unavailable)
Stlth    +++.......             l - amulet of rage
Regen    0.1/turn               (no ring)
MPRegen  0.1/turn               (no ring)

@: quick
A: no armour, no weapons or thrown items, stealth, claws 1, fangs 3, see
invisible, carnivore 3, speed 1, shaggy fur 1, slow metabolism 1, sharp paws
a: Evoke Berserk Rage


You were on level 4 of the Dungeon.
You were not hungry.

You visited 1 branch of the dungeon, and saw 4 of its levels.

You collected 271 gold pieces.

Inventory:

Jewellery
 l - an amulet of rage (around neck)
Scrolls
 c - 2 scrolls of enchant armour {unknown}
 e - 2 scrolls of amnesia {unknown}
 g - 2 scrolls of blinking {unknown}
 i - a scroll of magic mapping {unknown}
 o - 3 scrolls of remove curse {unknown}
 p - a scroll of identify {unknown}
Potions
 a - 2 potions of might
 d - 2 potions of mutation {unknown}
 f - 3 potions of heal wounds {unknown}
 h - a potion of agility
 j - a potion of invisibility {unknown}
 k - a potion of curing {unknown}
 m - a potion of magic {unknown}
 n - a potion of brilliance {unknown}
Comestibles
 b - 4 meat rations
 q - a royal jelly


   Skills:
 + Level 3.4 Fighting
 + Level 4.8 Dodging
 + Level 3.4 Stealth
 + Level 5.5 Unarmed Combat


You had 3 spell levels left.
You didn't know any spells.

Dungeon Overview and Level Annotations

Branches:
Dungeon (4/15)
 Temple: D:4-7

Altars:
Ru

Annotations:
D:4 Grinder


Innate Abilities, Weirdness & Mutations

You cannot wear armour.
You are incapable of wielding weapons or throwing items.
Your paws allow you to move quietly. (Stealth)
You have sharp claws.
You have razor-sharp teeth.
You have supernaturally acute eyesight. (SInv)
You are carnivorous and can eat meat at any time.
You cover ground quickly.
You are covered in fur. (AC +1)
You have a slow metabolism.
Your sharp claws are effective at attacking unaware monsters.


Message History

You closely miss Grinder. You bite Grinder.
Grinder is lightly wounded.
Grinder completely misses you.
You barely miss Grinder.
Grinder is lightly wounded.
Grinder says, "Mostly I couldn't keep them alive."
Grinder gestures at you. Pain shoots through your body!
You closely miss Grinder.
Grinder is lightly wounded.
Grinder says, "FISH!"
Grinder closely misses you.
You scratch Grinder.
Grinder is moderately wounded.
Grinder hits you!
You writhe in agony.
* * * LOW HITPOINT WARNING * * *
You closely miss Grinder.
Grinder is moderately wounded.
Grinder hits you.
You die...

############.#####
#.................
#.################
#.# #.# #.#
#########†#
#........5#
#........@#
#.≈.≈.....#
#≈≈≈≈≈....#
#++##≈≈...#
#≈≈≈.## #≈...#
#≈≈≈.# ######


You could see Grinder.

Vanquished Creatures
  Jessica (D:3)
  8 adders
  An ooze (D:2)
  5 worms
  A dart slug (D:3)
  A leopard gecko (D:2)
  5 orcs (D:3)
  7 bats
  2 giant cockroaches
  4 goblins
  13 hobgoblins
  2 jackals (D:3)
  5 kobolds
  A quokka (D:3)
  3 frilled lizards
  10 rats
  A fungus (D:3)
70 creatures vanquished.

Notes
Turn   | Place    | Note
-------+----------+-------------------------------------------
     0 | D:1      | equalderp2856 the Felid Fighter began the quest for the Orb.
     0 | D:1      | Reached XP level 1. HP: 10/10 MP: 2/2
   508 | D:1      | Reached XP level 2. HP: 14/14 MP: 3/3
  1249 | D:2      | Reached skill level 1 in Stealth
  1249 | D:2      | Reached XP level 3. HP: 11/17 MP: 4/4
  1682 | D:2      | Reached XP level 4. HP: 14/21 MP: 5/5
  2111 | D:2      | You fall through a shaft!
  2120 | D:3      | Reached skill level 5 in Unarmed Combat
  2375 | D:3      | Found a sacrificial altar of Ru.
  2484 | D:3      | Noticed Jessica
  2492 | D:3      | Killed Jessica
  2492 | D:3      | Reached XP level 5. HP: 11/24 MP: 6/6
  3485 | D:4      | Noticed Grinder
  3489 | D:4      | HP: 1/24 [Grinder (9)]
  3489 | D:4      | Slain by Grinder
  3490 | D:4      | Reached XP level 4. HP: -2/21 MP: 5/5
  3575 | D:4      | Paralysed by Grinder for 4 turns
  3587 | D:4      | Slain by Grinder

Skill      XL: |  1  2  3  4 |
---------------+-------------+-----
Stealth        | 1 3 |  3.4
Unarmed Combat | 5 |  5.5
Fighting       | |  3.4
Dodging        | |  4.8

Action                   |  1- 3 |  4- 6 || total
-------------------------+-------+-------++-------
Melee: Unarmed           |   102 |   102 ||   204
       Bite              |     7 |    11 ||    18
       Punch             |     2 |     3 ||     5
 Stab: Sleeping          |     5 |     7 ||    12
  Eat: Chunk             |       |     5 ||     5
Armor: Skin              |     2 |     5 ||     7
Dodge: Dodged            |    56 |    70 ||   126
